 Dungeon Crawl Stone Soup version 0.32-a0-30-gefbe487952 (webtiles) character file.

Game seed: 17505578232379119508

56 gruber the Ruffian (level 3, -4/33 HPs)
             Began as an Oni Shapeshifter on Jan 19, 2024.
             Slain by Terence
             ... wielding a +0 falchion
              (9 damage)
             ... on level 2 of the Dungeon.
             The game lasted 00:01:26 (985 turns).

gruber the Ruffian (Oni Shapeshifter)                Turns: 985, Time: 00:01:26

Health: -4/33      AC:  3    Str: 20    XL:     3   Next: 95%
Magic:  3/3        EV:  9    Int: 11    God:
Gold:   27         SH:  0    Dex:  8    Spells: 2/2 levels left

rFire   . .          .
                       - Unarmed
rCold   . . .        (no shield)
rNeg    . . .        a - +0 animal skin
rPois   .            (helmet currently unavailable)
rElec   .            (cloak currently unavailable)
rCorr   .            (gloves unavailable)
SInv    .            (boots unavailable)
Will    .....        (no amulet)
Stlth   +            (no ring)
HPRegen 0.25/turn    (no ring)
MPRegen 0.08/turn

%: no passive effects
@: beast-form
A: beast (slay +1), large, unfitting armour, horns 1, tough skin 1, double
potion healing, drunken brawling
a: Begin Untransformation


You were on level 2 of the Dungeon.
You were a hulking beast.
You visited 1 branch of the dungeon, and saw 2 of its levels.

You collected 27 gold pieces.

Inventory:

Armour
 a - a +0 animal skin (worn)
Talismans
 c - a beast talisman
 d - a flux talisman
Scrolls
 e - a scroll of silence {unknown}
 g - a scroll of teleportation {unknown}
Potions
 b - a potion of lignification


   Skills:
 - Level 1.3 Fighting
 - Level 1.7 Dodging
 + Level 4.3 Unarmed Combat
 - Level 3.0 Shapeshifting


You had 2 spell levels left.
You didn't know any spells.
Your spell library was empty.

Dungeon Overview and Level Annotations

Branches:
Dungeon (2/15)

Altars:

Annotations:
D:2 Terence


Innate Abilities, Weirdness & Mutations

You are a hulking beast.
Your limbs bulge with bestial killing power. (Slay +1)
You are too large for most types of armour.
You have a pair of small horns on your head.
You have tough skin. (AC +1)
You gain doubled healing and magic from potions.
Whenever you drink a healing potion, you attack all around you.


Message History

Key pressed, stopping explore.
No target in view!
No target in view!
Terence and a bat come into view.
Terence is wielding a +0 falchion and wearing a +3 scale mail of fire resistance.
Terence shouts!
Found a scroll labelled NYEP TISEFAA.
The bat hits you.
A goblin comes into view. It is wielding a +0 club.
Terence says, "Rest in peace."
There are monsters nearby!
You barely miss the bat. The bat closely misses you.
There are monsters nearby!
You closely miss Terence. The bat hits you. The bat barely misses you.
Terence hits you with a +0 falchion.
The goblin throws a stone.
The stone hits you but does no damage.
There are monsters nearby!
You hit Terence but do no damage. The bat hits you but does no damage.
The bat barely misses you.
The goblin throws a stone.
The stone completely misses you.
The stone barely misses the bat.
Terence hits you with a +0 falchion.
There are monsters nearby!
Unknown command.
The bat hits you but does no damage. The bat hits you.
Terence attacks as he pursues you! Terence hits you with a +0 falchion!
You miss the bat. You headbutt the bat.
You kill the bat!
Terence hits you with a +0 falchion. Terence attacks as he pursues you!
Terence hits you with a +0 falchion.
* * * LOW HITPOINT WARNING * * *
You hit Terence.
Terence is lightly wounded.
Terence hits you with a +0 falchion.
* * * LOW HITPOINT WARNING * * *
It was a potion of cancellation.
You feel magically purged. Terence barely misses you.
You hit Terence.
Terence is heavily wounded.
Terence hits you with a +0 falchion!
You die...
Terence says, "Rest in peace."

### ..# #.# ## #.# #..
##.#### #.# .....# #.#
#.##.# #.# #h##.# #.#
#.### #@##.#####)#######
......#g......).........
........##.#####..#####
..##..#.##.....##.###
.?.g...######......#
?.##..### ##......##
###. . #.. ##.....<..#
.... #. ...........#


You could see Terence and a goblin.

Vanquished Creatures
  Natasha (D:2)
  2 ball pythons
  3 endoplasms
  A giant cockroach (D:1)
  4 goblins
  6 hobgoblins
  A bat (D:2)
  2 frilled lizards (D:1)
  4 kobolds (D:1)
  3 rats (D:1)
27 creatures vanquished.

Notes
Turn   | Place    | Note
-------+----------+-------------------------------------------
     0 | D:1      | gruber the Oni Shapeshifter began the quest for the Orb.
     0 | D:1      | Reached XP level 1. HP: 19/19 MP: 1/1
    37 | D:1      | You fall into a shaft and drop 1 floor!
   123 | D:2      | Noticed Natasha
   129 | D:2      | Noticed a cerulean imp
   131 | D:2      | Killed Natasha
   132 | D:2      | Reached skill level 3 in Unarmed Combat
   132 | D:2      | Reached XP level 2. HP: 16/27 MP: 2/2
   132 | D:2      | Reached XP level 3. HP: 20/33 MP: 3/3
   481 | D:1      | Reached skill level 4 in Unarmed Combat
   974 | D:2      | Noticed Terence
   985 | D:2      | Slain by Terence

Illustrated notes

Levels and vault maps discovered:
D:1:      minmay_arrival_hallway, layout_rooms, minmay_misc_feat_tiny,
          corexii_hall_statues_u, minivault_19
D:2:      layout_loops_ring, uniq_natasha, uniq_terence, uniq_sigmund

Skill      XL: |  1  2  3 |
---------------+----------+-----
Unarmed Combat | 3 4 |  4.3
Fighting       | |  1.3
Dodging        | |  1.7
Shapeshifting  | |  3.0

Action                     || total
---------------------------++-------
  Melee: Unarmed           ||    65
         Headbutt          ||    12
         Punch             ||     1
    Use: Potion            ||     1
 Armour: Animal skin       ||    45
  Dodge: Dodged            ||    32

Table legend: (Time is in decaauts)
 A = Elapsed time spent in this place.
 B = Non-inter-level travel time spent in this place.
 C = Inter-level travel time spent in this place.
 D = Time resting spent in this place.
 E = Time spent auto-exploring this place.
 F = Levels seen in this place.
 G = Mean time per level.
                   A        B        C        D        E       F      G
               +--------+--------+--------+--------+--------+-----+--------+
         Total |    992 |    916 |     76 |     22 |    748 |   2 |  496.0 |
       Dungeon |    992 |    916 |     76 |     22 |    748 |   2 |  496.0 |
               +--------+--------+--------+--------+--------+-----+--------+

Top non-repeatable levels by time:
     D:1: 636 daAuts
     D:2: 355 daAuts
